 Dungeon Crawl Stone Soup version 0.26-a0-800-g517d6fe721 (webtiles) character file.

Game seed: 6405928353322444924

3453 Sun the Martial Artist (level 9, -5/71 HPs)
             Began as a Demigod Transmuter on Nov 11, 2020.
             Killed from afar by an orc wizard (10 damage)
             ... with a puff of flame
             ... on level 7 of the Dungeon.
             The game lasted 00:19:30 (12152 turns).

Sun the Martial Artist (Demigod Transmuter)        Turns: 12152, Time: 00:19:30

Health: -5/71      AC:  2    Str: 15    XL:     9   Next: 49%
Magic:  13/14      EV: 23    Int: 21    God:
Gold:   688        SH:  0    Dex: 21    Spells: 2/11 levels left

rFire    . . .     SeeInvis .     - Unarmed
rCold    . . .     Faith    .   (shield currently unavailable)
rNeg     . . .     Spirit   .   (armour currently unavailable)
rPois    .         Reflect  .   (helmet currently unavailable)
rElec    .         Harm     .   (cloak currently unavailable)
rCorr    .         Rampage  .   (gloves currently unavailable)
MR       .....                  (boots currently unavailable)
Stlth    ++........             (no amulet)
HPRegen  0.21/turn              i - ring of poison resistance
MPRegen  0.14/turn              D - ring of wizardry

@: spider-form (expiring)
A: tiny, high mp 1
a: End Transformation


You were on level 7 of the Dungeon.
You were a venomous arachnid creature.
You visited 2 branches of the dungeon, and saw 8 of its levels.
You also visited: Sewer.

You collected 688 gold pieces.

Inventory:

Hand Weapons
 m - a +0 hunting sling
Missiles
 n - 181 stones
 r - 71 sling bullets
 t - a throwing net
 u - 34 poisoned darts (quivered)
Armour
 f - a +0 pair of gloves (melded)
 l - a +0 helmet (melded)
 o - a +1 pair of boots (melded)
 x - a +0 troll leather armour (melded) {Purgy}
Jewellery
 i - a ring of poison resistance (left front leg)
 D - a ring of wizardry (right front leg)
 H - a cursed -4 ring of strength {unknown}
Wands
 v - a wand of random effects (4)
 w - a wand of flame (19)
 E - a wand of digging (3)
Scrolls
 a - a scroll of immolation {unknown}
 b - a scroll of fog
 d - 7 scrolls of teleportation
 g - 2 scrolls of fear
 j - 4 scrolls of blinking
 k - 3 scrolls of enchant weapon
 y - 5 scrolls of identify
 C - a scroll of remove curse
 F - a scroll of acquirement {unknown}
Potions
 c - 6 potions of heal wounds
 e - a potion of might {unknown}
 h - a potion of berserk rage {unknown}
 p - a potion of ambrosia {unknown}
 q - 8 potions of curing
 s - 2 potions of flight
 z - 2 potions of brilliance
 A - 2 potions of mutation
 B - a potion of attraction {unknown}


   Skills:
 + Level 3.7 Fighting
 + Level 4.1 Dodging
 + Level 10.6 Unarmed Combat
 - Level 1.7 Spellcasting
 * Level 5.6 Transmutations


You had 2 spell levels left.
You knew the following spells:

 Your Spells              Type           Power        Failure   Level
a - Beastly Appendage     Tmut           ####..       2%          1
b - Spider Form           Tmut/Pois      ##........   13%         3
c - Blade Hands           Tmut           ####......   30%         5

Your spell library contained the following spells:

 Spells                   Type           Power        Failure   Level
 Wereblood                Tmut           ####....     3%          2
 Confusing Touch          Hex            #.......     32%         3
 Gell's Gravitas          Tloc           #.........   32%         3
 Ice Form                 Ice/Tmut       ##......     32%         4
 Petrify                  Tmut/Erth      ##......     32%         4
 Yara's Violent Unravell  Hex/Tmut       ##........   61%         5
 Metabolic Englaciation   Hex/Ice        #.........   91%         5


Dungeon Overview and Level Annotations

Branches:
Dungeon (7/15)             Temple (1/1) D:4           Sewer (visited)

Annotations:
D:7 1 runed translucent door, Crazy Yiuf


Innate Abilities, Weirdness & Mutations

You have an increased reservoir of magic. (+10% MP)


Message History

You are too injured to fight recklessly!
You are too injured to fight recklessly!
You bite the orc priest!
The orc priest is poisoned.
The orc priest is heavily wounded.
The orc priest hits you with a +0 whip. The orc wizard closely misses you.
You hit the orc priest but do no damage.
The orc priest looks even sicker.
The orc priest is heavily wounded.
The orc priest invokes the aid of Beogh against you.
Beogh smites you!
* * * LOW HITPOINT WARNING * * *
The orc wizard points at you and mumbles some strange words.
The puff of flame hits you!
* * * LOW HITPOINT WARNING * * *
You bite the orc priest!
You kill the orc priest!
Your transformation is almost over.
The orc wizard points at you and mumbles some strange words.
The puff of flame hits you!
You die...

#............#.. .......
........##...#..
.................##...#..
......................#..
........##.......##...#..
.......###########...#..
#.....##.......#....#..
o##.....##.......#....#..
.......os).......#....#..
.......)##)......##...#..
........##.......##...#..
.##.....##............#..
########............#..
..............#..
.###########...#..
##.......######..
#........#....#..


You could see an orc wizard (very poisoned).

Vanquished Creatures
  Grinder (D:4)
  Prince Ribbit (D:7)
  A wyvern (D:6)
  A steam dragon (D:7)
  Edmund (D:4)
  2 sky beasts
  3 ice beasts
  Purgy (D:4)
  A black bear (D:6)
  4 ogres
  A centaur (D:6)
  2 big kobolds (Sewer)
  4 bullfrogs
  Blork the orc (D:4)
  A gnoll sergeant (D:7)
  A water moccasin skeleton (D:7)
  3 howler monkeys
  A bullfrog zombie (D:6)
  2 jellies (D:6)
  4 orc priests
  A bullfrog skeleton (D:4)
  An iguana (D:5)
  6 orc wizards
  3 worker ants
  A hound skeleton (D:5)
  Robin (D:2)
  4 gnolls (D:7)
  5 river rats (Sewer)
  8 adders
  A shadow imp (D:6)
  A white imp (D:7)
  3 ufetubi (D:5)
  An ooze (D:2)
  2 adder skeletons (D:4)
  An adder zombie (D:5)
  5 worms
  A dart slug (D:2)
  7 leopard geckos
  24 orcs
  8 ball pythons
  10 bats
  7 giant cockroaches
  15 goblins
  9 hobgoblins
  8 jackals
  2 quokkas (D:5)
  9 frilled lizards
  22 kobolds
  A leopard gecko zombie (D:7)
  A quokka zombie (D:5)
  24 rats
228 creatures vanquished.

Notes
Turn   | Place    | Note
-------+----------+-------------------------------------------
     0 | D:1      | Sun the Demigod Transmuter began the quest for the Orb.
     0 | D:1      | Reached XP level 1. HP: 15/15 MP: 5/5
   401 | D:1      | Reached skill level 3 in Unarmed Combat
   727 | D:1      | Reached XP level 2. HP: 22/22 MP: 5/7
  1474 | D:2      | Found an opulent altar of Gozag.
  1609 | D:2      | Reached XP level 3. HP: 23/27 MP: 6/8
  1755 | D:2      | Reached skill level 4 in Unarmed Combat
  2757 | D:2      | Found a hazy altar of Hepliaklqana.
  2898 | D:2      | Reached XP level 4. HP: 26/34 MP: 9/9
  3027 | D:2      | Noticed Robin
  3524 | D:2      | Killed Robin
  3524 | D:2      | Reached skill level 5 in Unarmed Combat
  4207 | D:3      | Found a shimmering blue altar of Sif Muna.
  4591 | D:2      | Reached XP level 5. HP: 31/39 MP: 8/10
  5793 | D:4      | Reached skill level 6 in Unarmed Combat
  6035 | D:4      | Noticed an ogre
  6048 | D:4      | Killed an ogre
  6048 | D:4      | Reached XP level 6. HP: 5/46 MP: 11/11
  6351 | D:4      | Found a staircase to the Ecumenical Temple.
  6391 | D:4      | Noticed Grinder
  6410 | D:4      | Killed Grinder
  6410 | D:4      | Reached skill level 7 in Unarmed Combat
  6982 | D:4      | Reached XP level 7. HP: 40/51 MP: 12/12
  7157 | D:4      | Reached skill level 8 in Unarmed Combat
  7185 | Temple   | Entered the Ecumenical Temple
  7678 | D:4      | Noticed Blork the orc
  7687 | D:4      | Killed Blork the orc
  7817 | D:4      | Noticed Purgy
  7828 | D:4      | Killed Purgy
  7935 | D:4      | Found an ancient bone altar of Kikubaaqudgha.
  8085 | D:4      | Found a blossoming altar of Fedhas.
  8249 | D:5      | Entered Level 5 of the Dungeon
  8265 | D:5      | Found a glowing drain.
  8282 | Sewer    | Entered a sewer
  8325 | Sewer    | Reached skill level 9 in Unarmed Combat
  8499 | Sewer    | Reached XP level 8. HP: 38/58 MP: 11/13
  9039 | D:5      | Noticed Edmund
  9094 | D:4      | Killed Edmund
  9376 | D:5      | Reached skill level 10 in Unarmed Combat
  9525 | D:5      | Reached skill level 1 in Fighting
 10497 | D:5      | Learned a level 3 spell: Spider Form
 10503 | D:5      | Learned a level 5 spell: Blade Hands
 10743 | D:6      | Found an iron altar of Okawaru.
 10941 | D:6      | Reached XP level 9. HP: 59/68 MP: 10/14
 11236 | D:7      | Noticed Prince Ribbit
 11248 | D:7      | Killed Prince Ribbit
 11591 | D:7      | Reached skill level 5 in Transmutations
 11733 | D:7      | Found a runed translucent door.
 11734 | D:7      | Noticed Crazy Yiuf
 12152 | D:7      | Killed from afar by an orc wizard

Illustrated notes

Levels and vault maps discovered:
D:1:      lemuel_arrival_hallway, layout_basic
D:2:      layout_loops_corners, nicolae_overflow_hidden_temple,
          grunt_gozag_breadcrumbs, uniq_robin
D:3:      minmay_inner_zag, layout_loops_ring, nicolae_overflow_crystal_walls,
          serial_bayou_pond_c, minmay_pentomino_pile
D:4:      layout_cave_pools, lemuel_doored_altar, minmay_temple_entry_tees,
          fedhas_altar_4, uniq_purgy, uniq_blork_the_orc, uniq_grinder
D:5:      layout_basic, cheibrodos_sewer_entry_drain, uniq_edmund
D:6:      layout_loops_ring, okawaru_gym_becter
D:7:      layout_gridville, gammafunk_temple_overflow_wave, uniq_prince_ribbit1,
          uniq_crazy_yiuf_cottage
Temple:   nicolae_temple_elliptical

Skill      XL: |  1  2  3  4  5  6  7  8  9 |
---------------+----------------------------+-----
Unarmed Combat | 3 4 5 6 7 9 10 | 10.6
Fighting       | 2 3 |  3.7
Transmutations | 4 5 |  5.6
Dodging        | 3 4 |  4.1
Spellcasting   | |  1.7

Action                   |  1- 3 |  4- 6 |  7- 9 || total
-------------------------+-------+-------+-------++-------
Melee: Unarmed           |   141 |   191 |   379 ||   711
       Kick              |    14 |    16 |    51 ||    81
       Punch             |     5 |     6 |     7 ||    18
       Headbutt          |     4 |    13 |    34 ||    51
 Fire: Hunting sling     |       |       |     6 ||     6
Throw: Dart              |       |       |    18 ||    18
       Stone             |       |       |     9 ||     9
 Cast: Beastly Appendage |    13 |    17 |    47 ||    77
       Spider Form       |       |       |    15 ||    15
Evoke: Wand              |       |     9 |     3 ||    12
  Use: Scroll            |       |     4 |     7 ||    11
       Potion            |       |     3 |       ||     3
 Stab: Sleeping          |     3 |     5 |     2 ||    10
       Paralysed         |       |     9 |       ||     9
       Invisible         |       |     1 |       ||     1
       Confused          |       |       |     1 ||     1
Armor: Robe              |    17 |    37 |       ||    54
       Leather armour    |       |    10 |     6 ||    16
       Skin              |       |     6 |     2 ||     8
       Troll leather arm |       |       |    64 ||    64
Dodge: Dodged            |    86 |   122 |   225 ||   433

Table legend: (Time is in decaauts)
 A = Elapsed time spent in this place.
 B = Non-inter-level travel time spent in this place.
 C = Inter-level travel time spent in this place.
 D = Time resting spent in this place.
 E = Time spent auto-exploring this place.
 F = Levels seen in this place.
 G = Mean time per level.
                   A        B        C        D        E       F      G
               +--------+--------+--------+--------+--------+-----+--------+
         Total |  12087 |  11599 |    488 |   2222 |   7410 |   9 | 1343.0 |
       Dungeon |  11001 |  10513 |    488 |   1799 |   7063 |   7 | 1571.6 |
        Temple |    434 |    434 |      0 |    423 |      0 |   1 |  434.0 |
         Sewer |    651 |    651 |      0 |      0 |    346 |   1 |  651.0 |
               +--------+--------+--------+--------+--------+-----+--------+

Top non-repeatable levels by time:
     D:2: 2363 daAuts
     D:3: 2330 daAuts
     D:1: 1870 daAuts
     D:5: 1387 daAuts
     D:4: 1282 daAuts
     D:7: 989 daAuts
     D:6: 777 daAuts
   Sewer: 651 daAuts
  Temple: 434 daAuts
